 Dungeon Sprint DCSS version 0.24.0-125-gc4c63601f3 (webtiles) character file.

Game seed: 3963594684429900595, levelgen mode: deterministic

1100000 Ponchio the Warrior (level 11, 112/126 HPs)
             Began as a Purple Draconian Fire Elementalist on Mar 4, 2020.
             Got out of the dungeon alive.
             The game lasted 00:02:05 (11 turns).

Ponchio the Warrior (DrFE)                            Turns: 11, Time: 00:02:05

Health: 112/126    AC:  7    Str: 11    XL:     11   Next: 71%
Magic:  14/14      EV: 24    Int: 16    God:
Gold:   0          SH:  0    Dex: 14    Spells: 13/14 levels left

rFire    . . .     SeeInvis .   a - +∞ Axe of Woe
rCold    . . .     Gourm    .   (shield currently unavailable)
rNeg     . . .     Faith    .   (armour unavailable)
rPois    .         Spirit   .   (helmet restricted)
rElec    .         Reflect  .   (no cloak)
rCorr    .         Harm     .   (no gloves)
MR       +....     NoTele   +   (no boots)
Stlth    ++........             (no amulet)
HPRegen  0.31/turn              (no ring)
MPRegen  0.14/turn              (no ring)

@: no status effects
A: breathe power, unfitting armour, cold-blooded, AC +7
a: Breathe Dispelling Energy


You escaped.
You were not hungry.

You visited 1 branch

Inventory:

Hand Weapons
 a - the +∞ Axe of Woe (weapon)
   (You found it in the Dungeon)
Scrolls
 h - a scroll of blinking
Potions
 c - a potion of curing
 d - a potion of heal wounds
 e - a potion of haste
 f - 2 potions of magic
 g - a potion of berserk rage
Comestibles
 b - a ration


   Skills:
 + Level 20.9 Fighting
 + Level 18.2 Dodging
 - Level 1.7 Stealth
 - Level 2.4 Spellcasting
 - Level 1.0 Conjurations
 - Level 3.0 Fire Magic


You had 13 spell levels left.
You knew the following spells:

 Your Spells              Type           Power        Failure   Level  Hunger
a - Flame Tongue          Conj/Fire      #....        9%          1    #......

Your spell library contained the following spells:

 Spells                   Type           Power        Failure   Level  Hunger
 Throw Flame              Conj/Fire      #.....       13%         2    ###....
 Conjure Flame            Conj/Fire      #.......     26%         3    ###....
 Inner Flame              Hex/Fire       #.......     32%         3    ###....
 Sticky Flame             Conj/Fire      #.......     65%         4    #####..
 Fireball                 Conj/Fire      #.........   94%         5    ######.


Dungeon Overview and Level Annotations

Branches:
Dungeon (1/1)

Altars:
Makhleb


Innate Abilities, Weirdness & Mutations

You can breathe bolts of dispelling energy.
Your rich purple scales are hard. (AC +7)
You cannot fit into any form of body armour.
You are cold-blooded and may be slowed by cold attacks.


Message History

You feel stronger.
You have reached level 9!
Your experience leads to an increase in your attributes!
Increase (S)trength, (I)ntelligence, or (D)exterity?
You feel agile.
Your scales feel tougher.
You have reached level 10!
You have reached level 11!
The meat berserker appears out of thin air!
A meat berserker comes into view. It is wielding a +9 battleaxe.
You hear a shout! x10
The bag of meat misses you.
You hear a shout! x4
Are you sure you want to leave the Dungeon?
This will make you lose the game!
Alright, then stay!
Are you sure you want to leave the Dungeon?
This will make you lose the game!
The meat berserker appears out of thin air!
You hear a shout! x6
The bag of meat hits you with a +9 war axe!
You hear a shout!
You have escaped!

O. .. #. .# #..
..# .###..
..###.
......###......
....._o....
#..O..# #_o@._#
#..)..#
....._.....
......###......
.###.. ..###.
#.. ..# #. .#
.. ..


You could see 2 meat berserkers and 2 bags of meat.

Vanquished Creatures
  An orc (D)
1 creature vanquished.

Notes
Turn   | Place    | Note
-------+----------+-------------------------------------------
     0 | D        | Found the +∞ Axe of Woe
     0 | D        | Ponchio the Draconian Fire Elementalist began the quest for
                  | the Orb.
     0 | D        | Reached XP level 1. HP: 14/14 MP: 3/3
     2 | D        | Noticed a bag of meat
     3 | D        | Noticed a bag of meat
     6 | D        | Noticed a bag of meat
     9 | D        | Killed a bag of meat
     9 | D        | Reached skill level 20 in Fighting
     9 | D        | Reached XP level 2. HP: 57/57 MP: 5/5
     9 | D        | Reached XP level 3. HP: 64/64 MP: 6/6
     9 | D        | Reached XP level 4. HP: 72/72 MP: 7/7
     9 | D        | Reached XP level 5. HP: 80/80 MP: 8/8
     9 | D        | Reached XP level 6. HP: 88/88 MP: 9/9
     9 | D        | Your scales start taking on a rich purple colour.
     9 | D        | Reached XP level 7. HP: 95/95 MP: 10/10
     9 | D        | Reached XP level 8. HP: 103/103 MP: 11/11
     9 | D        | Reached XP level 9. HP: 111/111 MP: 12/12
     9 | D        | Reached XP level 10. HP: 118/118 MP: 13/13
     9 | D        | Reached XP level 11. HP: 126/126 MP: 14/14
    10 | D        | Noticed a meat berserker
    11 | D        | Noticed a meat berserker
    11 | D        | Got out of the dungeon alive.

Levels and vault maps discovered:
D:        meatsprint

Skill      XL: |  1 |
---------------+----+-----
Fighting       | 20 | 20.9
Dodging        | 18 | 18.2
Stealth        | |  1.7
Spellcasting   | |  2.4
Conjurations   | |  1.0
Fire Magic     | |  3.0

Action                   |  1- 3 |  4- 6 |  7- 9 | 10-12 || total
-------------------------+-------+-------+-------+-------++-------
Melee: Executioner's axe |     1 |       |       |       ||     1
Dodge: Dodged            |       |       |       |     1 ||     1
